 Dungeon Crawl Stone Soup version 0.31-a0-700-gf13585253f (webtiles) character file.

Game seed: 8557731629783735231

9444 Ofeo the Warrior (level 11, -9/102 HPs)
             Began as a Demonspawn Wanderer on Sept 8, 2023.
             Was a Priest of Wu Jian.
             Mangled by a vampire mosquito (10 damage)
             ... on level 11 of the Dungeon.
             The game lasted 00:11:51 (11870 turns).

Ofeo the Warrior (Demonspawn Wanderer)             Turns: 11870, Time: 00:11:51

Health: -9/102     AC:  5    Str: 12    XL:     11   Next: 23%
Magic:  11/11      EV: 10    Int: 13    God:    Wu Jian [***...]
Gold:   627        SH:  0    Dex: 18    Spells: 10/10 levels left

rFire   + . .        m - +8 Vampire's Tooth {megavamp}
rCold   . . .        (no shield)
rNeg    . . .        x - +3 ring mail {rF+}
rPois   .            (helmet currently unavailable)
rElec   .            (cloak currently unavailable)
rCorr   .            (gloves currently unavailable)
SInv    .            (boots currently unavailable)
Will    +....        c - amulet of faith
Stlth   ++           h - ring of flight
HPRegen 0.37/turn    y - ring of willpower
MPRegen 0.12/turn

%: faith
@: beast-form, corroded, flying
A: beast (slay +4), claws 2, demonic guardian 1, sharp scales 1
a: Begin Untransformation, Renounce Religion, Wall Jump, Serpent's Lash


You were on level 11 of the Dungeon.
You worshipped Wu Jian.
Wu Jian was most pleased with you.
You were a hulking beast.
You visited 2 branches of the dungeon, and saw 12 of its levels.

You collected 627 gold pieces.

Inventory:

Hand Weapons
 a - a +0 spear
 m - the +8 Vampire's Tooth (weapon) {megavamp}
   (You acquired it on level 3 of the Dungeon)
Missiles
 d - 2 curare-tipped darts
Armour
 e - a +0 helmet
 w - a +2 pair of boots
 x - a +3 ring mail of fire resistance (worn)
 D - the +1 helmet of Hairiness {rElec rPois rC- Str-5 Int+7}
   (You found it on level 9 of the Dungeon)

   Str-5:     It affects your strength (-5).
   Int+7:     It affects your intelligence (+7).
   rC-:       It makes you vulnerable to cold.
   rElec:     It insulates you from electricity.
   rPois:     It protects you from poison
Jewellery
 c - an amulet of faith (around neck)
 h - a ring of flight (left claw)
 y - a ring of willpower (right claw)
 F - a ring of ice
Talismans
 f - a beast talisman (active)
Wands
 b - a wand of acid (4) (quivered) {@v2}
 o - a wand of flame (37)
 t - a wand of digging (11) {@v1}
 u - a wand of paralysis (12)
Scrolls
 g - a scroll of silence
 j - 8 scrolls of teleportation {@r3}
 k - a scroll of enchant weapon
 n - a scroll of poison
 p - 2 scrolls of fog
 q - a scroll of amnesia
 v - a scroll of revelation
 A - a scroll of enchant armour
Potions
 l - a potion of lignification
 r - a potion of resistance {@q6}
 s - a potion of haste {@q3}
 z - a potion of magic {unknown}
 B - a potion of heal wounds {unknown}
 C - a potion of curing {unknown}
 E - a potion of might {unknown}
 H - a potion of degeneration {unknown}
 R - 2 potions of berserk rage


   Skills:
 + Level 15.0 Fighting
 - Level 2.1 Polearms
 - Level 2.1 Stealth
 - Level 2.0 Unarmed Combat
 - Level 4.1 Evocations
 - Level 7.0 Shapeshifting


You had 10 spell levels left.
You didn't know any spells.
Your spell library contained the following spells:

 Spells                   Type           Power      Damage    Failure   Level
 Freeze                   Ice            0%         1d3       56%         1
 Magic Dart               Conj           0%         1d3       56%         1
 Shock                    Conj/Air       0%         1d3       56%         1
 Call Imp                 Summ           0%         N/A       71%         2
 Static Discharge         Conj/Air       0%         2-2/arc   71%         2
 Call Canine Familiar     Summ           0%         N/A       91%         3
 Frozen Ramparts          Ice            0%         1d1       91%         3
 Hailstorm                Conj/Ice       0%         3d3       91%         3
 Inner Flame              Hex/Fire       0%         N/A       91%         3
 Mephitic Cloud           Conj/Pois/Air  0%         N/A       91%         3
 Stone Arrow              Conj/Erth      0%         3d7       91%         3
 Swiftness                Air            0%         N/A       91%         3
 Airstrike                Air            0%         2d(0-16)  100%        4
 Anguish                  Hex/Necr       0%         N/A       100%        4
 Animate Armour           Summ/Erth      0%         N/A       100%        4
 Cause Fear               Hex            0%         N/A       100%        4
 Flame Wave               Conj/Fire      0%         2d4       100%        4
 Sticky Flame             Conj/Fire      0%         2d3       100%        4
 Summon Lightning Spire   Summ/Air       0%         N/A       100%        4
 Summon Forest            Summ/Tloc      0%         N/A       100%        5
 Eringya's Noxious Bog    Tmut/Pois      0%         4d6       100%        6
 Enfeeble                 Hex            0%         N/A       100%        7
 Summon Hydra             Summ           0%         N/A       100%        7
 Lehudib's Crystal Spear  Conj/Erth      0%         10d2      100%        8
 Summon Horrible Things   Summ           0%         N/A       100%        8


Dungeon Overview and Level Annotations

Branches:
Dungeon (11/15)            Temple (1/1) D:6             Orc (0/2) D:9
   Lair: D:8-11

Altars:
Ashenzari
Cheibriados
Dithmenos
Fedhas
Gozag
Hepliaklqana
Kikubaaqudgha
Makhleb
Nemelex Xobeh
Okawaru
Qazlal
Ru
Sif Muna
Trog
Uskayaw
Vehumet
Wu Jian
Xom
Yredelemnul

Shops:
D:3 (


Innate Abilities, Weirdness & Mutations

You are a hulking beast.
Your limbs bulge with bestial killing power. (Slay +4)
You have very sharp fingernails.
A weak demonic guardian rushes to your aid.
You are partially covered in razor-sharp scales. (AC +1, Slay +1)


Message History

You take 19 damage, and have 37/102 hp.
You spin to attack the vampire mosquito, but your attack speed is too slow for a blow to land.
You feel sick.
You are no longer poisoned.
The vampire mosquito bites you.
The vampire mosquito draws strength from your injuries!
The vampire mosquito closely misses you.
The vampire mosquito bites you but does no damage.
You take 6 damage, and have 31/102 hp.
You spin and attack the vampire mosquito.
You hit the vampire mosquito. x2
The vampire mosquito is moderately damaged.
You spin and attack the vampire mosquito.
You hit the vampire mosquito. You closely miss the vampire mosquito.
The vampire mosquito is moderately damaged.
The vampire mosquito misses you. The vampire mosquito bites you.
* * * LOW HITPOINT WARNING * * *
The vampire mosquito draws strength from your injuries!
The vampire mosquito closely misses you.
The vampire mosquito bites you!
* * * LOW HITPOINT WARNING * * *
A demonic guardian appears!
The vampire mosquito draws strength from your injuries!
The vampire mosquito bites you but does no damage.
Something hits your quasit.
You take 12 damage, and have 19/102 hp.
You spin and attack the vampire mosquito.
You hit the vampire mosquito. You barely miss the vampire mosquito.
The vampire mosquito is lightly damaged.
You spin and attack the vampire mosquito.
You hit the vampire mosquito. x2
The vampire mosquito is severely damaged.
The vampire mosquito bites you!
* * * LOW HITPOINT WARNING * * *
The vampire mosquito draws strength from your injuries!
The vampire mosquito bites you!
* * * LOW HITPOINT WARNING * * *
The vampire mosquito draws strength from your injuries!
The vampire mosquito bites you!
You die...

#....<..5...#
#..)).....# #.##
#..# #####5#####
#...D.....#
########..y.K....#
..........yy.....#
.#######.5hy.....##
#...........
#.<.......###
#...<.....#
#.........#
###########


You could see an acid dragon, 4 vampire mosquitoes, a kobold, a friendly quasit
(summoned) and a friendly shadow imp (summoned).

Vanquished Creatures
  A centaur warrior (D:9)
  A wraith (D:9)
  A vampire (D:10)
  2 wyverns (D:7)
  20 yaks
  Menkaure (D:5)
  Edmund (D:6)
  4 water moccasins
  Duvessa (D:7)
  2 orc warriors
  2 ogres
  5 centaurs
  2 phantoms
  3 kobold brigands
  5 bullfrogs
  A gnoll sergeant (D:9)
  6 scorpions
  7 wights
  Dowan (D:7)
  11 killer bees
  5 howler monkeys
  3 jellies
  4 hounds
  9 orc priests
  A gnoll bouda (D:7)
  8 orc wizards
  2 iguanas (D:6)
  13 gnolls
  4 adders
  2 white imps
  An ufetubus (D:6)
  2 worms
  2 dart slugs
  40 orcs
  3 ball pythons (D:2)
  3 bats
  5 endoplasms
  A giant cockroach (D:1)
  5 goblins
  8 hobgoblins
  5 quokkas
  3 frilled lizards
  16 kobolds
  8 rats
  A butterfly (D:6)
231 creatures vanquished.

Vanquished Creatures (collateral kills)
  A two-headed ogre (D:8)
  A steam dragon (D:7)
2 creatures vanquished.

Vanquished Creatures (others)
  2 orcs (D:8)
2 creatures vanquished.

Grand Total: 235 creatures vanquished

Notes
Turn   | Place    | Note
-------+----------+-------------------------------------------
     0 | D:1      | Ofeo the Demonspawn Wanderer began the quest for the Orb.
     0 | D:1      | Ofeo set off with the following items: a +0 spear, a wand
                  | of acid (4) {@v2}, a +0 pair of gloves, a +0 robe, a potion
                  | of lignification.
     0 | D:1      | Reached XP level 1. HP: 16/16 MP: 1/1
   307 | D:1      | Gained mutation: You have sharp fingernails. [demonic
                  | ancestry]
   307 | D:1      | Reached XP level 2. HP: 10/22 MP: 2/2
   852 | D:2      | Found a faded altar of an unknown god.
  1308 | D:2      | Reached skill level 1 in Unarmed Combat
  1308 | D:2      | Reached XP level 3. HP: 21/28 MP: 3/3
  2676 | D:3      | Found Raiwarph's Antique Weapon Boutique.
  2786 | D:3      | Found an opulent altar of Gozag.
  2786 | D:3      | Found an ancient bone altar of Kikubaaqudgha.
  2790 | D:3      | Found a sacrificial altar of Ru.
  2914 | D:3      | Reached XP level 4. HP: 17/34 MP: 4/4
  2914 | D:3      | Noticed a sky beast
  3112 | D:3      | Identified a scroll of acquirement
  3112 | D:3      | Acquired the +8 Vampire's Tooth {megavamp}
  3112 | D:3      | Found the +8 Vampire's Tooth {megavamp}
  3168 | D:4      | Reached skill level 1 in Shapeshifting
  3311 | D:4      | Noticed a scorpion
  3315 | D:4      | Killed a scorpion
  3316 | D:4      | Reached XP level 5. HP: 33/39 MP: 5/5
  3390 | D:4      | Noticed a phantom
  3397 | D:4      | Killed a phantom
  3564 | D:4      | Reached XP level 6. HP: 42/45 MP: 6/6
  3646 | D:4      | Found a broken altar of Ashenzari.
  3648 | D:4      | Found a shadowy altar of Dithmenos.
  3648 | D:4      | Found a basalt altar of Yredelemnul.
  3967 | D:5      | Entered Level 5 of the Dungeon
  3970 | D:5      | Reached skill level 5 in Shapeshifting
  3974 | D:5      | Reached XP level 7. HP: 48/51 MP: 7/7
  4622 | D:5      | Noticed Menkaure
  4627 | D:5      | Killed Menkaure
  4628 | D:5      | Reached skill level 3 in Fighting
  4628 | D:5      | Gained mutation: You have very sharp fingernails. [demonic
                  | ancestry]
  4628 | D:5      | Reached XP level 8. HP: 31/58 MP: 8/8
  5013 | D:6      | Reached skill level 4 in Fighting
  5185 | D:6      | Found an ornate altar of the Wu Jian Council.
  5192 | D:6      | Found a staircase to the Ecumenical Temple.
  5218 | Temple   | Entered the Ecumenical Temple
  5264 | D:6      | Became a worshipper of the Wu Jian Council
  5365 | D:6      | Found a hazy altar of Hepliaklqana.
  5486 | D:6      | Noticed Edmund
  5493 | D:6      | Killed Edmund
  5494 | D:6      | Reached skill level 5 in Fighting
  5614 | D:6      | Reached skill level 6 in Fighting
  5900 | D:6      | Reached * piety under Wu Jian
  6026 | D:7      | Reached skill level 7 in Fighting
  6035 | D:7      | Noticed Dowan
  6036 | D:7      | Noticed Duvessa
  6047 | D:7      | Killed Duvessa
  6053 | D:7      | Killed Dowan
  6166 | D:7      | Gained mutation: A weak demonic guardian rushes to your
                  | aid. [demonic ancestry]
  6166 | D:7      | Reached XP level 9. HP: 73/73 MP: 9/9
  6520 | D:7      | Reached skill level 8 in Fighting
  6902 | D:7      | Reached skill level 9 in Fighting
  7935 | D:8      | Reached skill level 10 in Fighting
  7938 | D:8      | Reached ** piety under Wu Jian
  8269 | D:8      | Identified the +5 whip "Hasy" {chaos, *Corrode rPois Will+}
  8512 | D:8      | Reached skill level 11 in Fighting
  8923 | D:9      | Noticed a two-headed ogre
  8945 | D:8      | Killed a two-headed ogre
  8946 | D:8      | Reached XP level 10. HP: 9/89 MP: 10/10
  9276 | D:9      | Noticed a centaur warrior
  9283 | D:9      | Killed a centaur warrior
  9284 | D:9      | Reached skill level 12 in Fighting
  9415 | D:9      | Found a staircase to the Orcish Mines.
  9687 | D:9      | Reached skill level 13 in Fighting
  9890 | D:9      | Identified the +1 helmet of Hairiness {rElec rPois rC-
                  | Str-5 Int+7}
 10787 | D:9      | Found a shimmering altar of Xom.
 10812 | D:9      | Reached *** piety under Wu Jian
 10850 | D:10     | Entered Level 10 of the Dungeon
 10920 | D:10     | Reached skill level 14 in Fighting
 11098 | D:10     | Gained mutation: You are partially covered in razor-sharp
                  | scales. (AC +1, Slay +1) [demonic ancestry]
 11098 | D:10     | Reached XP level 11. HP: 83/101 MP: 11/11
 11513 | D:10     | Got Dispater's Octavo of the Union
 11560 | D:10     | Reached skill level 15 in Fighting
 11857 | D:11     | Noticed a deep elf pyromancer
 11870 | D:11     | HP: 1/102 [vampire mosquito (11)]
 11870 | D:11     | Mangled by a vampire mosquito

Illustrated notes

Levels and vault maps discovered:
D:1:      dpeg_arrival_rhombus, layout_loops_ring
D:2:      layout_rooms, chequers_ecumenical_altar_simple_redux,
          nrook_mini_vaults, kennysheep_generic_room_3
D:3:      layout_loops_corners, minitemple, serial_shops, shop,
          hangedman_decor_growths, lightli_corner_chamber
D:4:      layout_basic, grunt_temple_overflow_diamond
D:5:      layout_gridville, uniq_menkaure
D:6:      layout_basic, mainiacjoe_overflow_big_doors,
          minmay_temple_entry_butterflies,
          nicolae_concentric_dashed_squares_mild, uniq_edmund
D:7:      layout_gridville, uniq_duvessa
D:8:      layout_cave_pods, solitary_fountain, grunt_ministairs_1,
          minmay_misc_feat_four_crosses, hangedman_decor_diamond_cutter
D:9:      minmay_opposing_rooms, layout_basic, mainiacjoe_overflow_24_doors,
          orc_0_dummy, dreamdust_princess_corridor
D:10:     layout_roguey
D:11:     layout_roguey, erik_lair_dragon
Temple:   nicolae_temple_hex_pool

Skill      XL: |  1  2  3  4  5  6  7  8  9 10 11 |
---------------+----------------------------------+-----
Polearms       | 2 |  2.1
Stealth        | 2 |  2.1
Unarmed Combat | 1 2 |  2.0
Shapeshifting  | 2 3 5 7 |  7.0
Fighting       | 3 7 11 14 15 | 15.0
Evocations     | |  4.1

Action                     |  1- 3 |  4- 6 |  7- 9 | 10-12 || total
---------------------------+-------+-------+-------+-------++-------
  Melee: Spear             |    45 |       |       |       ||    45
         Unarmed           |   190 |       |       |       ||   190
         Punch             |     2 |     1 |    11 |    16 ||    30
         Quick blade       |       |    59 |   403 |   351 ||   813
Ability: Whirlwind         |       |       |    28 |    18 ||    46
         Lunge             |       |       |    17 |    10 ||    27
    Use: Potion            |     1 |       |     1 |       ||     2
         Scroll            |       |     1 |    10 |     2 ||    13
   Stab: Sleeping          |     2 |       |     1 |     1 ||     4
 Armour: Robe              |    11 |       |       |       ||    11
         Ring mail         |   116 |    22 |   200 |   197 ||   535
         Skin              |     8 |       |       |       ||     8
  Dodge: Dodged            |   122 |     9 |   148 |   112 ||   391
   Form: Beast             |     1 |       |       |       ||     1

Table legend: (Time is in decaauts)
 A = Elapsed time spent in this place.
 B = Non-inter-level travel time spent in this place.
 C = Inter-level travel time spent in this place.
 D = Time resting spent in this place.
 E = Time spent auto-exploring this place.
 F = Levels seen in this place.
 G = Mean time per level.
                   A        B        C        D        E       F      G
               +--------+--------+--------+--------+--------+-----+--------+
         Total |  11959 |  11339 |    620 |    513 |   9213 |  12 |  996.6 |
       Dungeon |  11927 |  11319 |    608 |    513 |   9213 |  11 | 1084.3 |
        Temple |     31 |     19 |     12 |      0 |      0 |   1 |   31.0 |
               +--------+--------+--------+--------+--------+-----+--------+

Top non-repeatable levels by time:
     D:7: 1920 daAuts
     D:9: 1682 daAuts
     D:3: 1346 daAuts
     D:8: 1294 daAuts
     D:1: 1064 daAuts
     D:6: 1049 daAuts
    D:10: 1011 daAuts
     D:5: 975 daAuts
     D:4: 830 daAuts
     D:2: 729 daAuts
  Temple: 31 daAuts
    D:11: 25 daAuts
